Cogmind - Beta 15 @@@ ROGUE MODE // 2025.09.18 @ 23:10:02 Player: cottonman132 Result: Destroyed by 2L-LGW(g) with Salvaging Laser Performance ------------- Evolutions (0) 0 Regions Visited (3) 600 Robots Destroyed (20) 100 Value Destroyed (390) 390 Prototype IDs (2) 40 Alien Tech Used (0) 0 Bonus (659) 659 TOTAL SCORE: 1789 Bonus ------- Registered with UFD 300 Met Optimus in HQ 500 Friendly Fire -141 Cogmind --------- Core Integrity 0/250 Matter 270/300 Energy 100/100 System Corruption 1% Temperature Cool (6) Movement Core (400) Ox7 Location -7/Scraptown Parts ------- > --- POWER (1) -------- (None) > --- PROPULSION (2) --- (None) > --- UTILITY (2) ------ Large Storage Unit Makeshift Light Armor Plating > --- WEAPON (2) ------- (None) > --- INVENTORY (15) --- Subdweller Power Source Improved Deuterium Engine VSS Leg VSS Leg Subdweller Optics Improved Targeting Computer Advanced Melee Analysis Suite Makeshift Light Armor Plating A0-MCA's Component Scanner Arc Projector Phase Cannon Heavy Assault Rifle Gauss Cannon DM-GVY's Chainsaw Makeshift Spear Peak State ------------ > --- POWER ------------ Makeshift Power Source > --- PROPULSION ------- Armored Wheel > --- UTILITY ---------- Large Storage Unit Targeting Computer > --- WEAPON ----------- Junk Cannon > --- INVENTORY -------- Subdweller Power Source Improved Deuterium Engine Light Treads Light Treads Subdweller Optics Improved Targeting Computer Advanced Melee Analysis Suite Makeshift Light Armor Plating Arc Projector Phase Cannon Heavy Assault Rifle Gauss Cannon Mining Laser [Rating: 23] Favorites ----------- Power Makeshift Power Source Engine Makeshift Power Source Propulsion Light Treads Treads Light Treads Wheel Armored Wheel Utility Targeting Computer Storage Large Storage Unit Processor Targeting Computer Protection Light Armor Plating Weapon Light Assault Rifle Ballistic Gun Light Assault Rifle Special Weapon Mining Laser Build | -11 -10 -10 -7 ------- Run | Yrd Mat Sub Scr Slots Evolved . | . . . . Power . | . . . . Propulsion . | . . . . Utility . | . . . . Weapon . | . . . . Parts Attached 23 | 6 4 8 5 Power 3 | 1 . 2 . Engine 3 | 1 . 2 . Core . | . . . . Reactor . | . . . . Propulsion 7 | 2 2 1 2 Treads 3 | . 2 . 1 Leg . | . . . . Wheel 4 | 2 . 1 1 Hover . | . . . . Flight . | . . . . Utility 6 | 1 2 2 1 Device . | . . . . Storage 3 | 1 1 1 . Processor 1 | . . 1 . Hackware . | . . . . Protection 2 | . 1 . 1 Artifact . | . . . . Weapon 7 | 2 . 3 2 Energy Gun . | . . . . Energy Cannon . | . . . . Ballistic Gun 5 | 2 . 2 1 Ballistic Cannon . | . . . . Launcher . | . . . . Special Weapon 2 | . . 1 1 Impact Weapon . | . . . . Slashing Weapon . | . . . . Piercing Weapon . | . . . . Special Melee Weapon . | . . . . Unidentified Prototypes 1 | . . . 1 Parts Lost 6 | . 2 . 4 Power 1 | . . . 1 Propulsion 2 | . 1 . 1 Utility 2 | . 1 . 1 Weapon 1 | . . . 1 Highest Loss Streak 4 | . 1 . 4 To Critical Strikes . | . . . . Average Backups 11 | 2 6 11 13 Power 2 | . 1 4 2 Propulsion 1 | 1 1 1 1 Utility 2 | . 1 1 3 Weapon 4 | 1 1 3 4 Tool/Special . | . . . . Unused Backups 20 | . . 1 19 Power 5 | . . . 5 Propulsion 2 | . . . 2 Utility 5 | . . . 5 Weapon 8 | . . 1 7 Tool/Special . | . . . . Average Slot Usage (%) 80 | . 94 97 71 Engine 14 | . 14 14 14 Treads 14 | . 9 23 13 Wheel 9 | . 17 4 9 Storage 14 | . 14 14 14 Processor 11 | . . 11 13 Protection 1 | . 9 . . Ballistic Gun 13 | . 27 26 5 Peak Build Rating 23 | 6 7 15 23 Average Rating 11 | 4 6 13 12 On Entrance 6 | . 6 6 15 Naked Turns . | . . . . Heaviest Build 30 | 10 18 30 29 Greatest Support 40 | 26 40 40 40 Greatest Overweight (x) 7 | 2 3 . 7 Average Overweight (x) . | . . . . Largest Inventory Capacity 15 | 8 10 15 15 Average Capacity 13 | 7 8 13 15 Most Carried 15 | 6 8 14 15 Average Carried 11 | 3 6 11 13 Final Capacity 15 | 8 10 15 15 Final Carried 15 | 4 7 13 15 Class Distribution -------------------- 100% | Mutant Dominant Class ---------------- Mutant | -10/Materials Mutant | -10/Subcaves Mutant | -7/Scraptown Resources | -11 -10 -10 -7 ----------- Run | Yrd Mat Sub Scr Matter Collected 796 | 202 309 197 88 Remotely . | . . . . Salvage Created 607 | . 487 120 . Parts 38 | . 30 8 . Haulers Intercepted 2 | . 2 . . Recyclers Shooed . | . . . . Parts Field Recycled . | . . . . Retrieved Matter . | . . . . Parts Self-Destructed 3 | . . 3 . Prevented . | . . . . Kills | -11 -10 -10 -7 ------- Run | Yrd Mat Sub Scr Combat Hostiles Destroyed 14 | . 12 2 . Guns 14 | . 12 2 . Classes Destroyed 7 | . 6 1 . Worker 1 | . 1 . . Hauler 2 | . 2 . . Watcher 1 | . 1 . . Swarmer 6 | . 6 . . Grunt 4 | . 4 . . Subdweller 4 | . 2 2 . Zionite 2 | . . 2 . Best Kill Streak 3 | . 3 1 . Combat Bots Only 3 | . 3 1 . Max Kills in Single Turn 2 | . 2 1 . Gunslinging 1 | . 1 . . Exploded . | . . . . Melee . | . . . . Uniques/NPCs Destroyed . | . . . . Combat | -11 -10 -10 -7 -------- Run | Yrd Mat Sub Scr Hostile Shots Fired 84 | . 62 4 18 Missed 23 | . 18 1 4 Hits 61 | . 44 3 14 Projectile 61 | . 44 3 14 Critical Strikes 3 | . 1 . 2 Damage Taken 973 | . 563 102 308 Core 256 | . 185 . 71 Absorbed by Shields . | . . . . Core Remaining (%) 100 | 100 . . . Volleys Fired 83 | . 73 9 1 Largest 2 | . 2 2 1 Hottest 100 | . 40 100 100 Shots Fired 160 | . 143 16 1 Gun 157 | . 143 14 . Cannon . | . . . . Launcher . | . . . . Special 3 | . . 2 1 Kinetic 157 | . 143 14 . Thermal 3 | . . 2 1 Explosive . | . . . . Electromagnetic . | . . . . Robot Hit Streak 12 | . 12 6 . Robot Miss Streak 7 | . 7 2 . Penetration Max . | . . . . Secondary Targets 2 | . 2 . . Max Gunslinging Chain 1 | . 1 . . Shots Hit Robots 106 | . 96 10 . Core Hits 41 | . 36 5 . Critical Kills . | . . . . Critical Parts Destroyed . | . . . . Critical Strikes . | . . . . Melee Attacks . | . . . . Impact . | . . . . Slashing . | . . . . Piercing . | . . . . Sneak Attacks . | . . . . Combat Hostiles . | . . . . Follow-up Attacks . | . . . . Damage Inflicted 883 | . 730 153 . Guns 883 | . 730 153 . Cannons . | . . . . Explosions . | . . . . Melee . | . . . . Ramming . | . . . . Kinetic 883 | . 730 153 . Thermal . | . . . . Explosive . | . . . . Electromagnetic . | . . . . Impact . | . . . . Slashing . | . . . . Piercing . | . . . . Highest Corruption 1 | . 1 1 1 Average Corruption 1 | . 1 1 1 Corruption Purged . | . . . . Corruption Blocked . | . . . . Effects 26 | . 1 8 17 Message Errors 11 | . . 3 8 Matter Fused 7 | . 1 1 5 Energy Discharges 4 | . . 1 3 Parts Fused 2 | . . 2 . Data Loss (minor) 1 | . . . 1 Data Loss (major) 1 | . . 1 . Overload Shots . | . . . . Overflow Damage . | . . . . Projectiles . | . . . . Explosions . | . . . . Melee . | . . . . Knockbacks . | . . . . Impact . | . . . . Kinetic . | . . . . Secondary . | . . . . Self-Inflicted Damage . | . . . . Shots . | . . . . Rammed . | . . . . Targets Rammed . | . . . . Kicked . | . . . . Crushed . | . . . . Highest Temperature 64 | . 55 . 64 Average Temperature 14 | . 12 . 26 Received Heat Transfer 323 | . 141 . 182 Siege Activations . | . . . . Martial Activations . | . . . . Shielding Activations . | . . . . Robots Disrupted . | . . . . Combat Hostiles . | . . . . Robots Corrupted . | . . . . Combat Hostiles . | . . . . Parts Fried . | . . . . Impact Corruptions . | . . . . Robots Melted . | . . . . Combat Hostiles . | . . . . Parts Melted . | . . . . Heat Transferred . | . . . . Parts Sabotaged . | . . . . Parts Stolen . | . . . . Parts Stripped . | . . . . Power Chain Reactions . | . . . . Alert | -11 -10 -10 -7 ------- Run | Yrd Mat Sub Scr Maximum Alert Level . | . . . . Low Security (%) 100 | 100 100 . . Level 1 . | . . . . Level 2 . | . . . . Level 3 . | . . . . Level 4 . | . . . . Level 5 . | . . . . High Security . | . . . . Max Security . | . . . . Peak Influence 94 | . 94 . . Initial . | . . . . Average 27 | . 29 . . Influence Increases 291 | . 291 . . Destroy 0b10 Robot/C 200 | . 200 . . Destroy 0b10 Robot/NC 20 | . 20 . . Destroy Leader 36 | . 36 . . Successful Hack 20 | . 20 . . Lose Combat Pursuer 15 | . 15 . . Influence Decreases 291 | . 263 28 . Entered New Map 14 | . . 14 . Time Decay 257 | . 243 14 . Lost Part 20 | . 20 . . Squads Dispatched 1 | . 1 . . Investigation . | . . . . Extermination . | . . . . Reinforcement 1 | . 1 . . Assault . | . . . . Garrison . | . . . . Intercept . | . . . . Searches Triggered . | . . . . Construction Impeded . | . . . . Haulers Reinforced . | . . . . Active Scanning Responses . | . . . . Cargo Convoy Interrupts . | . . . . Stealth | -11 -10 -10 -7 --------- Run | Yrd Mat Sub Scr Distress Signals . | . . . . Communications Jammed . | . . . . Distress Signals . | . . . . Times Spotted 39 | . 24 2 13 Peak Tracking Total 9 | . 4 1 9 Tactical Retreats 3 | . 3 . . Traps | -11 -10 -10 -7 ------- Run | Yrd Mat Sub Scr Traps Triggered 3 | . 2 1 . Indirectly . | . . . . Trap Hack Attempts . | . . . . Triggered . | . . . . Disarmed . | . . . . Reprogrammed . | . . . . Reused . | . . . . Traps Extracted . | . . . . Installed . | . . . . Triggered . | . . . . Machines | -11 -10 -10 -7 ---------- Run | Yrd Mat Sub Scr Machines Disabled 1 | . . . 1 Max in Single Turn 1 | . . . 1 Machines Repaired . | . . . . Machines Dismantled . | . . . . Machines Sabotaged . | . . . . Overloaded Fab Kills . | . . . . Hacking | -11 -10 -10 -7 --------- Run | Yrd Mat Sub Scr Machines Accessed 7 | . 4 1 2 Terminals 2 | . 2 . . Fabricators . | . . . . Repair Stations . | . . . . Recycling Units 2 | . 2 . . Scanalyzers . | . . . . Garrison Access . | . . . . Total Hacks 15 | . 9 2 4 Successful 10 | . 4 2 4 Failed 5 | . 5 . . Catastrophic . | . . . . Database Lockouts . | . . . . Manual 1 | . 1 . . Terminals 4 | . 4 . . Fabricators . | . . . . Repair Stations . | . . . . Recycling Units 5 | . 5 . . Scanalyzers . | . . . . Garrison Access . | . . . . Terminal Hacks 8 | . 2 2 4 Record 6 | . . 2 4 Robot Analysis 1 | . 1 . . Zone Layout 1 | . 1 . . Fabricator Hacks . | . . . . Repair Station Hacks . | . . . . Recycling Unit Hacks 2 | . 2 . . Report Inventory 2 | . 2 . . Scanalyzer . | . . . . Garrison Access Hacks . | . . . . Unauthorized Hacks . | . . . . Terminals . | . . . . Fabricators . | . . . . Repair Stations . | . . . . Recycling Units . | . . . . Scanalyzers . | . . . . Garrison Access . | . . . . Data Cores Recovered . | . . . . Used . | . . . . Hacking Detections 2 | . 2 . . Full Trace Events 1 | . 1 . . Feedback Events . | . . . . Feedback Blocked . | . . . . Robot Schematics Acquired . | . . . . Robots Built . | . . . . Authchips . | . . . . Time . | . . . . Total Robot Build Rating . | . . . . Part Schematics Acquired . | . . . . Parts Built . | . . . . Authchips . | . . . . Time . | . . . . Total Part Build Rating . | . . . . Parts Repaired . | . . . . Time . | . . . . Parts Recycled . | . . . . Recycled Matter . | . . . . Retrieved Matter . | . . . . Retrieved Components . | . . . . Parts Scanalyzed . | . . . . Part Schematics Acquired . | . . . . Parts Damaged . | . . . . Bothacking | -11 -10 -10 -7 ------------ Run | Yrd Mat Sub Scr Used RIF Installer . | . . . . Robots Hacked . | . . . . Non-combat . | . . . . Combat . | . . . . Robot Hacks Applied . | . . . . Relay Couplers Released . | . . . . Fabnet Peak Effective % . | . . . . Robots Rewired . | . . . . Allies Hacked . | . . . . Hacks Repelled . | . . . . Allies | -11 -10 -10 -7 -------- Run | Yrd Mat Sub Scr Total Allies . | . . . . Largest Group . | . . . . Highest-Rated Group . | . . . . Highest-Rated Ally . | . . . . Total Orders . | . . . . Ally Attacks . | . . . . Total Damage . | . . . . Kills . | . . . . Allies Corrupted . | . . . . Allies Melted 1 | . . . 1 Intel | -11 -10 -10 -7 ------- Run | Yrd Mat Sub Scr Active Infowar (turns) . | . . . . Robot Analysis Total 1 | . 1 . . Derelict Logs Recovered 4 | . . . 4 Drone Launches . | . . . . Drone Recoveries . | . . . . Exploration | -11 -10 -10 -7 ------------- Run | Yrd Mat Sub Scr Turns Passed 4696 | 70 741 958 2927 Spaces Moved 3266 | 59 448 609 2150 Core 19 | 15 3 . 1 Treads 1271 | . 56 474 741 Legs . | . . . . Wheels 1976 | 44 389 135 1408 Hover . | . . . . Flight . | . . . . Fastest Speed 50 | 50 90 105 100 Average Speed 124 | 91 101 147 124 Slowest Speed 400 | 150 200 160 400 Overloaded Moves . | . . . . Propulsion Burnouts . | . . . . Robots Hopped . | . . . . Potential Cave-ins . | . . . . Cave-ins Triggered . | . . . . Exploration Rate (%) 51 | 4 76 30 95 Regions Visited 3 Branch Regions 2 Pre-discovered Areas 2 | . . 1 1 Known Exits Taken . | . . . . Unknown Exits Taken 3 | 1 1 1 . Scrap Searched 9 | . . 6 3 Spaces Dug . | . . . . Terrain Destroyed . | . . . . Melee . | . . . . Projectile . | . . . . AOE . | . . . . Terrain Rammed . | . . . . Walls Destroyed . | . . . . Machines Disabled . | . . . . Actions | -11 -10 -10 -7 --------- Run | Yrd Mat Sub Scr Total 3748 | 74 616 645 2413 Wait 291 | . 73 . 218 Move 3263 | 58 447 608 2150 Hop . | . . . . Pick Up 46 | 10 9 11 16 Fast Attach 1 | . . . 1 Attach 17 | 6 5 1 5 Detach 2 | . . . 2 Swap 23 | . 8 11 4 Drop 22 | . 1 5 16 Fire 83 | . 73 9 1 Melee . | . . . . Ram . | . . . . Kick . | . . . . Crush . | . . . . Escape Stasis . | . . . . Rewire . | . . . . Trap . | . . . . Miscellaneous . | . . . . Route ------- -11/Scrapyard -10/Materials (discovered 3 exits: [*Mat] / [*Min] / *Sub) -10/Subcaves (discovered 2 exits: [*Mat] / *Scr) -7/Scraptown (discovered 2 exits: [*Fac x2]) History --------- Turn | Location | Event 13 | -11/Scrapyard | Discovered new exit (range 15) 71 | -11/Scrapyard | Entered Materials 221 | -10/Materials | Discovered new exit (range 11) 300 | -10/Materials | Build established: Mutant 312 | -10/Materials | Discovered new exit (range 9) 398 | -10/Materials | Discovered new exit (range 15) 571 | -10/Materials | Derelicts attacked the area 651 | -10/Materials | Core integrity fell below 50% 812 | -10/Materials | Entered Subcaves 813 | -10/Subcaves | Approached by a straggling Scientist 1063 | -10/Subcaves | Visited Clippyterm 1068 | -10/Subcaves | Learned 40 Factory zone layouts 1130 | -10/Subcaves | Scientist uncovered a shortcut to Scraptown 1153 | -10/Subcaves | Learned location of Zion (-6) 1153 | -10/Subcaves | Met a Zionite searching for "candidates" 1246 | -10/Subcaves | Discovered new exit (range 10) 1770 | -10/Subcaves | Entered Scraptown 2377 | -7/Scraptown | Scanned Subdweller tech in exchange for log data 2380 | -7/Scraptown | Learned location of Quarantine (-2) 2382 | -7/Scraptown | Learned location of 1 exit from Proximity Caves 2385 | -7/Scraptown | Learned Factory terminal intel 2390 | -7/Scraptown | Heard Great Nut preacher, LISTEN AND RECITE! 2427 | -7/Scraptown | Discovered new exit (range 9) 2622 | -7/Scraptown | Visited SPCMW 2678 | -7/Scraptown | Visited Red Mages 2718 | -7/Scraptown | Visited Awakened 2753 | -7/Scraptown | Visited Shadow of the Wyrm 2806 | -7/Scraptown | Visited UFD Registry 2817 | -7/Scraptown | Visited The Evicted 2876 | -7/Scraptown | Visited TADAMA 2900 | -7/Scraptown | Visited Fellowship of the Rings 3271 | -7/Scraptown | Registered with UFD as "Metalsplitter" 3296 | -7/Scraptown | Visited Observation Area 3338 | -7/Scraptown | Visited Abandonware Association 3382 | -7/Scraptown | Visited LU-1G1's Boring Crew 3478 | -7/Scraptown | Visited Junk Cannon Lab 3486 | -7/Scraptown | Found Prototype Special Weapon 3487 | -7/Scraptown | Identified Junk Cannon 3508 | -7/Scraptown | Visited Scrap Suit Storage 3546 | -7/Scraptown | Visited Research Penetration Think Tank 3566 | -7/Scraptown | Visited Curators Association 3619 | -7/Scraptown | Discovered new exit (range 5) 3709 | -7/Scraptown | Visited A0-MCA Data Center 3715 | -7/Scraptown | Given a C rating by A0-MCA 3719 | -7/Scraptown | Found A0-MCA's Component Scanner 3783 | -7/Scraptown | Visited Scrapoid Research Area 3809 | -7/Scraptown | Visited Cartography Club 4321 | -7/Scraptown | Met Optimus 4321 | -7/Scraptown | Accepted into 0bPrime 4586 | -7/Scraptown | Civil war broke out across Scraptown 4608 | -7/Scraptown | Found DM-GVY's Chainsaw 4679 | -7/Scraptown | Core integrity fell below 20% 4697 | -7/Scraptown | Destroyed by 2L-LGW(g) with Salvaging Laser Last Messages --------------- 04679_ J0-KDP(j) heat short circuits Ovr. Titanium Leg. 04681_ QH-82T(g): "Stop this nonsense!" 04687_ QH-82T(g) suffers critical hit (Destroy). 04687_ QH-82T(g) destroyed. 04688_ J0-KDP(j) cannibalizes Imp. Heat Sink to repair Mak. Microdissipator Network. 04689_ J0-KDP(j) cannibalizes Trap Scanner to repair Mak. Microdissipator Network. 04690_ A0-QBK(E) suffers critical hit (Burn). 04690_ A0-QBK(E) overheating. 04691_ A0-QBK(E) destroyed. 04693_ 7G-QGV(g): "0bPrime holds too much power!" 04693_ Arm. Wheel destroyed. 04693_ Mak. Power Source destroyed. 04696_ SH-R42(j) switches sides: "Uh oh, they might just win this." 04696_ J0-KDP(j) destroyed. 04696_ SH-R42(j) destroyed. Map ----- +----------------------------------------------------+ | ?????????????????????????????????????????????????? | | ?????????????????????????????????????????????????? | | ????????????????????????????????#####????????????? | | ????????????????????????????????#"""#????????????? | | ?###################???####?????#" "#????????????? | | #"""##"""##""|##"""#??##[%##????# <=#????????????? | | #"" ##""!##""|##!!"####!!*=######[[=##???????????? | | #"" !====!!=%!=!#???????????? | | # == %!! [![!=#???????????? | | #######################=!%![!##########??????????? | | ??????????????????????##=[####??????# #??????????? | | ???#########???????????#%%#??###?###""???????????? | | ?# """""#?########??#[g#??#"###"# #???????????? | | ?# " " " ##"""""""""##[j#### "&" ""##??????????? | | ?#""" ##"""""""""##=g#" """ "#??????????? | | ?#""" ##"""""""""##*=##"" ""#???????????? | | ?#""" " ##"""""""""##%!##!" "!#???????????? | | ?# " """##""" """##*=##"" ""##??????????? | | ?# """##""" """## #" "#??????????? | | ?#"" """##"!" """## ##"" % ""##??????????? | | ##" " ##""" """"## ##[" " #???????????? | | ##" ##""" """##=!##"" "##??????????? | | ## ## "##%!#" "#??????????? | | ###### ########### #####*!## ##########??????????? | | ###### ########### ##### ## ##??????????????????? | | """""" """""""" ""*""" " @"" "##########?????????? | | [!%%& "## " """"#?????????? | | =*=% "## ""#?????????? | | [ "## "#?????????? | | "## ""#?????????? | | ""#?????????? | | """""""""""""""""""""""" "## ""#?????????? | | """"""""""""""""""""""""! "## """"""#?????????? | | #### ################""%= "##"""""""#?????????? | | ##????????# !*! "##########?????????? | | X"?????????#""[=[! "## #"""""#?????????? | | "" "" ##????????#""!!*! "## ! ! #?????????? | | "" "" X"#??????###""%%=%!"## ##"#??????? | | " " ######### #" =[!=="## X" #??????? | | "" [![*! #??????? | | "" *%!!! "## #??????? | | " " ######### #""=!=% "## ! !! !#??????? | | "" "" ""#??????###"" "## #"""""#""#??????? | | "" "" ##????????#"" "#############??????? | | X"#????????#"" "######?????????????? | | ##????????#"" "## #?????????????? | | #### ################"" "## "?????????????? | | """""""""""""""""""""""" "## #?????????????? | | """""""""""""""""""""""" #?????????????? | | "## #########?????? | +----------------------------------------------------+ Best States ------------- Heat Dissipation 25 Energy Generation 15 Energy Capacity 200 Matter Stores 300 Matter Capacity 300 Sight Range 16 Terrain Scan Density 10 Armor Coverage 150 Evasion (%) 50 Targeting Accuracy 5 Recoil Reduction 2 Item Schematics ----------------- None Robot Schematics ------------------ None Fabricated ------------ Nothing Repaired ---------- Nothing Alien Tech Used ----------------- None Achievements -------------- None Challenges ------------ None Game ------ Seed HybridSalvagingSuperbattery Manual? 0 Play Time 00:44:09 Cumulative 13.5 hours Start 2025.09.18 @ 22:11:40 End 2025.09.18 @ 23:10:02 Sessions 1 Manual Loads 0 Difficulty Rogue Special Mode None Game No. 42 Rogue 42 Adventurer 0 Explorer 0 Win Type - Total 0 Types 0/0/0/0/0/0/0/0/0/0 Lore% 24 Gallery% 15 Achievement% 17 Wizard Run 0 Options --------- Layout 2 ASCII 0 Keyboard 0 Movement Mouse Keybinds 0 Fullscreen 1 Font 24/Smallcaps Map View 50x44 Zoom Use 0% Tactical HUD 1 Map Filters NONE Filters NONE Steam 1 RUN: 884a4bcd-8282-4725-a7bb-52bd05d327f1